 Dungeon Crawl Stone Soup version 0.23.2-33-g5129a83184 (webtiles) character file.

Game seed: 9720629709066728407

66 MalarOregon the Scholar of Death (level 4, -1/35 HPs)
             Began as a Ghoul Necromancer on July 15, 2019.
             Was a Follower of Kikubaaqudgha.
             Slain by a water moccasin skeleton (6 damage)
             ... on level 3 of the Dungeon.
             The game lasted 00:03:08 (2007 turns).

MalarOregon the Scholar of Death (GhNe)             Turns: 2007, Time: 00:03:09

Health: -1/35      AC:  2    Str: 11    XL:     4   Next: 15%
Magic:  6/6        EV: 12    Int: 16    God:    Kikubaaqudgha [*.....]
Gold:   116        SH:  0    Dex:  9    Spells: 3/7 levels left

rFire    . . .     SeeInvis .   b - +2 mace (drain)
rCold    + . .     Gourm    .   (no shield)
rNeg     + + +     Faith    .   a - +0 robe
rPois    ∞         Spirit   .   (no helmet)
rElec    .         Reflect  .   (no cloak)
rCorr    .         Harm     .   (no gloves)
MR       .....                  (no boots)
Stlth    ++........             (no amulet)
HPRegen  0.00/turn              (no ring)
MPRegen  0.10/turn              (no ring)

@: brilliant, rotting
A: rotting body, claws 1, carnivore, cold resistance 1, negative energy
resistance 3, inhibited regeneration, torment resistance, unbreathing
a: Receive Corpses, Renounce Religion


You were on level 3 of the Dungeon.
You worshipped Kikubaaqudgha.
Kikubaaqudgha was aware of your devotion.
You were not hungry.

You visited 1 branch of the dungeon, and saw 3 of its levels.

You collected 116 gold pieces.

Inventory:

Hand Weapons
 b - a +2 mace of draining (weapon)
   (You found it on level 1 of the Dungeon)
Armour
 a - a +0 robe (worn)
Jewellery
 d - an uncursed amulet of harm {unknown}
   (You found it on level 1 of the Dungeon)
 f - an uncursed amulet of the acrobat {unknown}
   (You found it on level 1 of the Dungeon)
 i - an uncursed ring of see invisible {unknown}
   (You found it on level 1 of the Dungeon)
 k - an uncursed amulet of rage {unknown}
   (You found it on level 1 of the Dungeon)
 r - a cursed amulet of magic regeneration {unknown}
   (You found it on level 3 of the Dungeon)
Scrolls
 c - 3 scrolls of identify {unknown}
 g - a scroll of enchant armour {unknown}
 j - a scroll of magic mapping {unknown}
 m - 3 scrolls of blinking {unknown}
 n - a scroll of amnesia {unknown}
 p - a scroll of teleportation {unknown}
 q - a scroll of enchant weapon {unknown}
 s - a scroll of fear {unknown}
Potions
 h - a potion of brilliance
Comestibles
 e - 6 rations {!d}
 l - 5 chunks of flesh


   Skills:
 + Level 1.2 Fighting
 + Level 0.9 Maces & Flails
 + Level 2.3 Dodging
 + Level 2.7 Stealth
 - Level 1.0 Unarmed Combat
 + Level 2.1 Spellcasting
 + Level 4.2 Necromancy


You had 3 spell levels left.
You knew the following spells:

 Your Spells              Type           Power        Failure   Level  Hunger
a - Pain                  Necr           ###.         1%          1    #......
q - Vampiric Draining     Necr           ###.......   1%          3    ###....

Your spell library contained the following spells:

 Spells                   Type           Power        Failure   Level  Hunger
 Animate Skeleton         Necr           N/A          1%          1    #......
 Corpse Rot               Necr           N/A          1%          2    ###....
 Regeneration             Chrm/Necr      ###.......   3%          3    ###....
 Animate Dead             Necr           N/A          4%          4    #####..


Dungeon Overview and Level Annotations

Branches:
Dungeon (3/15)

Altars:
Ashenzari
Fedhas
Kikubaaqudgha
Makhleb
Nemelex Xobeh
Qazlal


Innate Abilities, Weirdness & Mutations

Your body is rotting away.
You thrive on raw meat.
You are immune to poison.
You have sharp fingernails.
You are carnivorous and can eat meat at any time.
Your flesh is cold resistant. (rC+)
You are immune to negative energy. (rN+++)
You do not regenerate when monsters are visible.
You are immune to unholy pain and torment.
You can survive without breathing.


Message History

Found 8 gold pieces.
Found a hunting sling.
A water moccasin skeleton comes into view.
A water moccasin skeleton is nearby!
A water moccasin skeleton is nearby!
A water moccasin skeleton is nearby!
The water moccasin skeleton bites you. The water moccasin skeleton bites you!
You hit the water moccasin skeleton. The water moccasin skeleton bites you.
You hit the water moccasin skeleton but do no damage.
The water moccasin skeleton bites you but does no damage.
The water moccasin skeleton barely misses you.
You hit the water moccasin skeleton. The water moccasin skeleton bites you!
* * * LOW HITPOINT WARNING * * *
The water moccasin skeleton bites you.
* * * LOW HITPOINT WARNING * * *
The water moccasin skeleton bites you but does no damage.
Here: a water moccasin skeleton (moderately damaged)
The floor.
It was a potion of brilliance.
You feel clever all of a sudden.
The water moccasin skeleton barely misses you.
It was a potion of ambrosia.
You are confused.
You feel invigorated. The water moccasin skeleton bites you.
* * * LOW HITPOINT WARNING * * *
Unknown command.
You bump into the rock wall.
The water moccasin skeleton closely misses you.
Some of the chunks of flesh in your inventory have rotted away.
You hit the water moccasin skeleton.
The water moccasin skeleton closely misses you. x2
Unknown command.
You bump into the rock wall.
The water moccasin skeleton barely misses you.
You bump into the rock wall.
The water moccasin skeleton bites you!
* * * LOW HITPOINT WARNING * * *
You bump into the rock wall.
You feel less invigorated.
You feel less confused. The water moccasin skeleton bites you.
* * * LOW HITPOINT WARNING * * *
You sock the water moccasin skeleton! The water moccasin skeleton bites you.
* * * LOW HITPOINT WARNING * * *
The water moccasin skeleton misses you.
You hit the water moccasin skeleton. The water moccasin skeleton bites you.
* * * LOW HITPOINT WARNING * * *
The water moccasin skeleton closely misses you.
You closely miss the water moccasin skeleton.
The water moccasin skeleton bites you.
You die...
Kikubaaqudgha rasps: "You have failed me!
Welcome... oblivion!"

##### #.# . #. #..
..... #)# #.#
#.#### ..... #.#
#.. #.# # .....
#$# ##.##.####
..... #.#
#......... .....
#.# ###......###
..... #.#
.........# # .....
#Z# #......÷# #
##### #@#
#.##.......# # #.#
#.##.......# # #.#
#[##.......# # #.#
#.##.......# #.#
#.##.....>.# # #.#
#.##.......# # #.#
#.##.......# #
#.###<##.......###
##########
#...............##


You could see a water moccasin skeleton.

Vanquished Creatures
  An adder (D:3)
  An ooze (D:2)
  A worm (D:2)
  2 dart slugs (D:2)
  A leopard gecko (D:1)
  An orc (D:3)
  6 bats
  3 giant cockroaches
  2 goblins
  4 hobgoblins
  3 jackals (D:3)
  3 quokkas
  2 ball pythons
  A frilled lizard (D:2)
  A kobold (D:2)
  11 rats
43 creatures vanquished.

Notes
Turn   | Place    | Note
-------+----------+-------------------------------------------
     0 | D:1      | MalarOregon the Ghoul Necromancer began the quest for the
                  | Orb.
     0 | D:1      | Reached XP level 1. HP: 14/14 MP: 2/2
   209 | D:1      | Reached XP level 2. HP: 16/22 MP: 3/3
  1187 | D:2      | Reached XP level 3. HP: 17/27 MP: 4/4
  1188 | D:2      | Reached skill level 1 in Fighting
  1262 | D:2      | Found a sparkling altar of Nemelex Xobeh.
  1274 | D:2      | Found an ancient bone altar of Kikubaaqudgha.
  1327 | D:2      | Became a worshipper of Kikubaaqudgha
  1371 | D:2      | Found a shattered altar of Ashenzari.
  1382 | D:2      | Found a burning altar of Makhleb.
  1550 | D:2      | Found a stormy altar of Qazlal.
  1550 | D:2      | Found a blossoming altar of Fedhas.
  1824 | D:3      | Reached skill level 1 in Unarmed Combat
  1824 | D:3      | Reached XP level 4. HP: 15/34 MP: 4/6
  1833 | D:3      | Learned a level 3 spell: Vampiric Draining
  1918 | D:3      | Reached * piety under Kikubaaqudgha
  1918 | D:3      | Identified Kikubaaqudgha's Tome of Black Secrets
                  | (Kikubaaqudgha gifted it to you on level 3 of the Dungeon)
  1918 | D:3      | Received a gift from Kikubaaqudgha
  2007 | D:3      | Slain by a water moccasin skeleton

Skill      XL: |  1  2  3 |
---------------+----------+-----
Dodging        | 2 |  2.3
Fighting       | 1 |  1.2
Spellcasting   | 2 |  2.1
Unarmed Combat | 1 |  1.0
Maces & Flails | |  0.9
Stealth        | |  2.7
Necromancy     | |  4.2

Action                   |  1- 3 |  4- 6 || total
-------------------------+-------+-------++-------
Melee: Unarmed           |    48 |       ||    48
       Mace              |    66 |    16 ||    82
 Cast: Pain              |       |     1 ||     1
  Use: Potion            |       |     2 ||     2
 Stab: Sleeping          |     3 |       ||     3
  Eat: Chunk             |     9 |     3 ||    12
Armor: Robe              |    23 |     4 ||    27
Dodge: Dodged            |    98 |    14 ||   112
